 Dungeon Crawl Stone Soup version 0.27-a0-808-g60bc5d92e6 (webtiles) character file.

Game seed: 3019429693702955642

2528 polve the Carver (level 9, -1/65 HPs)
             Began as a Demonspawn Abyssal Knight on Mar 28, 2021.
             Was a Priest of Lugonu.
             Slain by Prince Ribbit (3 damage)
             ... on level 7 of the Dungeon.
             The game lasted 00:13:04 (9138 turns).

polve the Carver (Demonspawn Abyssal Knight)        Turns: 9138, Time: 00:13:04

Health: -1/65      AC: 11    Str: 13    XL:     9   Next: 29%
Magic:  14/15      EV: 12    Int: 18    God:    Lugonu [***...]
Gold:   257        SH:  5    Dex: 13    Spells: 8/8 levels left

rFire    . . .     SeeInvis .   B - +3 great sword
rCold    . . .     Faith    .   (shield currently unavailable)
rNeg     . . .     Spirit   .   b - +0 steam dragon scales
rPois    .         Reflect  +   q - +0 helmet
rElec    +         Harm     .   (no cloak)
rCorr    .         Rampage  .   v - +0 pair of gloves
Will     .....                  (no boots)
Stlth    +.........             m - amulet of reflection
HPRegen  0.20/turn              (no ring)
MPRegen  0.28/turn              (no ring)

@: no status effects
A: hooves 1, ignite blood 1, magic regeneration, sharp scales 3, clever 1,
electricity resistance, MP-powered wands
a: Renounce Religion, Depart the Abyss, Bend Space, Banish


You were on level 7 of the Dungeon.
You worshipped Lugonu.
Lugonu was most pleased with you.
You visited 1 branch of the dungeon, and saw 7 of its levels.
You visited the Abyss 1 time.

You collected 257 gold pieces.

Inventory:

Hand Weapons
 a - a +4 falchion
 B - a +3 great sword (weapon)
Armour
 b - +0 steam dragon scales (worn)
 q - a +0 helmet (worn)
 v - a +0 pair of gloves (worn)
Jewellery
 k - a ring of flight
 m - an amulet of reflection (around neck)
 y - an amulet of regeneration
 C - a ring of fire
Wands
 l - a wand of random effects (14)
 p - a wand of iceblast (9)
 t - a wand of acid (11)
Scrolls
 c - 4 scrolls of summoning {unknown}
 d - 3 scrolls of noise {unknown}
 e - 2 scrolls of enchant armour {unknown}
 f - 7 scrolls of identify {unknown}
 g - a scroll of immolation {unknown}
 h - a scroll of blinking {unknown}
 i - 4 scrolls of teleportation {unknown}
 j - a scroll of silence {unknown}
 o - a scroll of torment {unknown}
 s - a scroll of fog {unknown}
 x - a scroll of magic mapping {unknown}
Potions
 n - a potion of lignification
 A - a potion of attraction
 D - 2 potions of mutation


   Skills:
 + Level 4.1 Fighting
 - Level 9.3 Long Blades
 + Level 3.2 Armour
 + Level 2.7 Dodging
 - Level 8.0 Invocations


You had 8 spell levels left.
You didn't know any spells.
Your spell library contained the following spells:

 Spells                   Type           Power      Damage    Failure   Level
 Magic Dart               Conj           0%         1d3       22%         1
 Sandblast                Erth           0%         2d4       22%         1
 Blink                    Tloc           N/A        N/A       32%         2
 Call Imp                 Summ           0%         N/A       32%         2
 Passwall                 Tmut/Erth      0%         N/A       32%         2
 Searing Ray              Conj           0%         3d3       32%         2
 Slow                     Hex            0%         N/A       32%         2
 Confusing Touch          Hex            0%         N/A       54%         3
 Conjure Flame            Conj/Fire      0%         6-21      54%         3
 Dazzling Flash           Conj/Hex       0%         N/A       54%         3
 Gell's Gravitas          Tloc           0%         N/A       54%         3
 Mephitic Cloud           Conj/Pois/Air  0%         N/A       54%         3
 Stone Arrow              Conj/Erth      0%         3d7       54%         3
 Fulminant Prism          Conj/Hex       0%         3d6       91%         4
 Iskenderun's Mystic Bla  Conj/Tloc      0%         2d3       91%         4
 Petrify                  Tmut/Erth      0%         N/A       91%         4
 Lee's Rapid Deconstruct  Erth           0%         3d5*      99%         5
 Metabolic Englaciation   Hex/Ice        0%         N/A       99%         5
 Yara's Violent Unravell  Hex/Tmut       0%         3d3       99%         5


Dungeon Overview and Level Annotations

Branches:
Dungeon (7/15)             Temple (0/1) D:6

Altars:
Gozag
Sif Muna
Trog
Uskayaw
Wu Jian
Xom
Yredelemnul
The Shining One

Annotations:
D:6 2 transporters
D:7 Prince Ribbit


Innate Abilities, Weirdness & Mutations

You have large cloven feet.
Your demonic aura sometimes causes spilled blood to erupt in flames You regenerate magic rapidly.
You are completely covered in razor-sharp scales. (AC +3, Slay +3)
Your mind is acute. (Int +2)
You are resistant to electric shocks. (rElec)
You expend magic power (3 MP) to strengthen your wands.


Message History

Prince Ribbit blinks!
Prince Ribbit hits you but does no damage.
The white imp gestures at you.
The puff of frost hits you but does no damage.
You slash Prince Ribbit! Your kick misses Prince Ribbit.
Prince Ribbit is moderately wounded.
You block Prince Ribbit's attack. The white imp gestures at you.
The puff of frost misses you.
Prince Ribbit says, "You're just another fly to me."
Prince Ribbit hits you!
You slice the white imp!!
You kill the white imp!
Lugonu accepts your kill. Prince Ribbit closely misses you.
An ice beast comes into view.
You barely miss Prince Ribbit. Your kick misses Prince Ribbit.
Prince Ribbit is moderately wounded.
Prince Ribbit barely misses you. Prince Ribbit hits you.
You closely miss Prince Ribbit. You kick Prince Ribbit!
Prince Ribbit is heavily wounded.
Prince Ribbit barely misses you. You block Prince Ribbit's attack.
You barely miss Prince Ribbit. Your kick misses Prince Ribbit.
Prince Ribbit is heavily wounded.
Prince Ribbit hits you but does no damage.
Prince Ribbit misses you.
You riposte.
You closely miss Prince Ribbit.
Prince Ribbit is heavily wounded.
You closely miss Prince Ribbit.
Prince Ribbit is heavily wounded.
Prince Ribbit misses you.
You riposte.
You miss Prince Ribbit. Your kick misses Prince Ribbit.
Prince Ribbit is heavily wounded.
You hit Prince Ribbit but do no damage.
Prince Ribbit is heavily wounded.
Prince Ribbit hits you!
* * * LOW HITPOINT WARNING * * *
Prince Ribbit hits you!
* * * LOW HITPOINT WARNING * * *
Space bends around you!
You blink.
Prince Ribbit hits you.
You die...

###### #..###.............###
.....#### #.#.#.##.###.###......
......(.# #.##.###.# #.###...###
..##.##.# #........# #.##.....#
####.##.#######..#### #.......##
###.........##....### ######.##
.....##.###.#..#....# #.#
###.....# #.#.###.#.# #.# #..####
#.#..#@...# ##'## #..#
#.#....F#.# ##...##
#..######.#.##°##.# ##.....##
#.........#.##Y#..# ##.......#
###...#######.......####....<....
...............(.......'.........
###...##########....####......>..
##.## #.#.## ##.......# #....
#.### ##.....##


You could see Prince Ribbit and an ice beast.

Vanquished Creatures
  A steam dragon (D:3)
  2 water moccasins
  Duvessa (D:5)
  An ice beast (D:5)
  A sky beast (D:7)
  2 necrophages
  4 ogres
  2 centaurs
  A phantom (D:6)
  A kobold brigand (D:5)
  Dowan (D:5)
  2 scorpions
  6 wights (D:7)
  A howler monkey (D:6)
  2 bullfrog zombies
  A centaur zombie (D:6)
  A hound (D:5)
  2 orc priests (D:7)
  4 centaur skeletons
  Ijyb (D:3)
  Terence (D:2)
  2 iguanas
  An orc wizard (D:6)
  2 killer bee zombies (D:6)
  Robin (D:3)
  4 gnolls (D:6)
  3 adders
  A howler monkey skeleton (D:4)
  A shadow imp (D:6)
  2 white imps (D:7)
  A dart slug (D:4)
  10 orcs
  8 endoplasms
  2 giant cockroaches
  7 hobgoblins
  11 jackals
  13 kobolds
  A quokka (D:2)
  3 ball pythons
  7 bats
  3 frilled lizards
  7 goblins
  7 rats
135 creatures vanquished.

Vanquished Creatures (others)
  5 withered plants (D:6)
5 creatures vanquished.

Grand Total: 140 creatures vanquished

Notes
Turn   | Place    | Note
-------+----------+-------------------------------------------
     0 | Abyss:1  | polve the Demonspawn Abyssal Knight began the quest for the
                  | Orb.
     0 | Abyss:1  | Reached XP level 1. HP: 18/18 MP: 2/2
     2 | Abyss:1  | Found a corrupted altar of Lugonu.
    92 | Abyss:1  | Noticed a worldbinder
    93 | D:1      | Escaped the Abyss
   116 | D:1      | Noticed a water moccasin
   116 | D:1      | Noticed a rime drake
   117 | D:1      | Noticed a lindwurm
   117 | D:1      | Noticed a hog
   170 | D:1      | Reached skill level 2 in Long Blades
   204 | D:1      | Gained mutation: You have large cloven feet. [demonic
                  | ancestry]
   204 | D:1      | Reached XP level 2. HP: 14/24 MP: 3/3
   204 | D:1      | Reached * piety under Lugonu
   610 | D:1      | Reached skill level 3 in Long Blades
   787 | D:1      | Reached XP level 3. HP: 29/29 MP: 4/4
  1381 | D:2      | Found a basalt altar of Yredelemnul.
  1382 | D:2      | Found an opulent altar of Gozag.
  1387 | D:2      | Found a hide-covered altar of Uskayaw.
  1809 | D:2      | Noticed Terence
  1823 | D:2      | Killed Terence
  1824 | D:2      | Reached skill level 4 in Long Blades
  1824 | D:2      | Reached XP level 4. HP: 20/35 MP: 5/5
  2077 | D:2      | Found a shimmering altar of Xom.
  2308 | D:3      | Noticed Robin
  2317 | D:3      | Noticed a steam dragon
  2329 | D:3      | Killed Robin
  2676 | D:3      | Noticed Ijyb
  2952 | D:3      | Killed Ijyb
  3170 | D:3      | Killed a steam dragon
  3170 | D:3      | Reached ** piety under Lugonu
  3171 | D:3      | Reached skill level 5 in Long Blades
  3171 | D:3      | Gained mutation: You are partially covered in razor-sharp
                  | scales. (AC +1, Slay +1) [demonic ancestry]
  3171 | D:3      | Reached XP level 5. HP: 7/41 MP: 6/6
  3171 | D:3      | Gained mutation: You regenerate magic rapidly. [demonic
                  | ancestry]
  3171 | D:3      | Reached XP level 6. HP: 8/47 MP: 7/7
  3172 | D:3      | Gained mutation: You expend magic power (3 MP) to
                  | strengthen your wands. [potion of mutation]
  3172 | D:3      | Gained mutation: Your mind is acute. (Int +2) [potion of
                  | mutation]
  3172 | D:3      | Gained mutation: You are resistant to electric shocks.
                  | (rElec) [potion of mutation]
  3303 | D:3      | Found an ornate altar of the Wu Jian Council.
  3616 | D:3      | Found a bloodstained altar of Trog.
  3851 | D:4      | Reached skill level 6 in Long Blades
  4307 | D:4      | Reached skill level 7 in Long Blades
  4307 | D:4      | Gained mutation: You are mostly covered in razor-sharp
                  | scales. (AC +2, Slay +2) [demonic ancestry]
  4307 | D:4      | Reached XP level 7. HP: 25/52 MP: 8/8
  4669 | D:5      | Entered Level 5 of the Dungeon
  5115 | D:5      | Noticed Duvessa
  5120 | D:5      | Reached skill level 8 in Long Blades
  5121 | D:5      | Noticed Dowan
  5159 | D:5      | Killed Duvessa
  5168 | D:5      | Killed Dowan
  5441 | D:5      | Found a shimmering altar of Xom.
  5447 | D:5      | Gained mutation: Your demonic aura sometimes causes spilled
                  | blood to erupt in flames [demonic ancestry]
  5447 | D:5      | Reached XP level 8. HP: 58/58 MP: 9/9
  5498 | D:5      | Reached skill level 9 in Long Blades
  5837 | D:5      | Found a shimmering blue altar of Sif Muna.
  6293 | D:6      | Reached skill level 5 in Invocations
  6909 | D:6      | Found a transporter.
  6962 | D:6      | Found a staircase to the Ecumenical Temple.
  7183 | D:6      | Found a transporter.
  7219 | D:6      | Reached *** piety under Lugonu
  7586 | D:7      | Reached skill level 1 in Dodging
  8086 | D:7      | Gained mutation: You are completely covered in razor-sharp
                  | scales. (AC +3, Slay +3) [demonic ancestry]
  8086 | D:7      | Reached XP level 9. HP: 64/64 MP: 15/15
  8596 | D:7      | Noticed a gargoyle
  8601 | D:7      | Noticed a brown ugly thing
  9124 | D:7      | Noticed Prince Ribbit
  9138 | D:7      | Slain by Prince Ribbit

Illustrated notes

Levels and vault maps discovered:
D:1:      onia_arrival_zoo_common, layout_loops_ring
D:2:      layout_loops_ring, minitemple, serial_park_tiny_1,
          lemuel_statue_altar, uniq_terence
D:3:      layout_loops_ring, old_standard_altar, lightli_temple_of_fire,
          uniq_ijyb, uniq_robin
D:4:      layout_basic
D:5:      layout_loops_cross, lemuel_crystal_altar,
          nicolae_tso_swordbearing_angel, old_standard_altar,
          kennysheep_generic_room_5, uniq_duvessa
D:6:      gammafunk_steamed_eel, layout_layer_cave, minmay_temple_entry_slanted,
          serial_undead, serial_undead_e, serial_undead_f, serial_undead_d,
          serial_undead_d
D:7:      layout_loops_corners, minmay_manual_mess, uniq_prince_ribbit1

Skill      XL: |  1  2  3  4  5  6  7  8  9 |
---------------+----------------------------+-----
Long Blades    | 2 3 4 5 7 8 9 |  9.3
Invocations    | 8 |  8.0
Armour         | 2 3 |  3.2
Dodging        | 1 2 |  2.7
Fighting       | 4 |  4.1

Action                   |  1- 3 |  4- 6 |  7- 9 || total
-------------------------+-------+-------+-------++-------
Melee: Falchion          |   114 |   110 |   209 ||   433
       Kick              |    21 |    28 |    83 ||   132
       Unarmed           |       |    11 |       ||    11
       Great sword       |       |       |    41 ||    41
Invok: Depart the Abyss  |     1 |       |       ||     1
       Bend Space        |       |       |    10 ||    10
  Use: Potion            |       |     7 |     7 ||    14
Armor: Leather armour    |     5 |       |       ||     5
       Ring mail         |    32 |       |       ||    32
       Scale mail        |       |    17 |       ||    17
       Skin              |       |    12 |       ||    12
       Steam dragon scal |       |    24 |    91 ||   115
Dodge: Dodged            |    64 |    63 |   113 ||   240
Block: Other             |       |       |    48 ||    48
       Reflection        |       |       |     4 ||     4
       Rpst.: Falchion   |    25 |    23 |    24 ||    72
       Great sword       |       |       |     8 ||     8

Table legend: (Time is in decaauts)
 A = Elapsed time spent in this place.
 B = Non-inter-level travel time spent in this place.
 C = Inter-level travel time spent in this place.
 D = Time resting spent in this place.
 E = Time spent auto-exploring this place.
 F = Levels seen in this place.
 G = Mean time per level.
                   A        B        C        D        E       F      G
               +--------+--------+--------+--------+--------+-----+--------+
         Total |   9123 |   8774 |    349 |    229 |   7211 |   8 | 1140.4 |
       Dungeon |   9030 |   8681 |    349 |    229 |   7119 |   7 | 1290.0 |
         Abyss |     93 |     93 |      0 |      0 |     92 |   1 |   93.0 |
               +--------+--------+--------+--------+--------+-----+--------+

Top non-repeatable levels by time:
     D:5: 1982 daAuts
     D:2: 1629 daAuts
     D:7: 1240 daAuts
     D:6: 1223 daAuts
     D:1: 1090 daAuts
     D:3: 1012 daAuts
     D:4: 852 daAuts
 Abyss:1: 93 daAuts
